 Dungeon Crawl Stone Soup version 0.26.0-10-g1f06aea511 (webtiles) character file.

Game seed: 7102066739071072445

62876 trm the Fighter (level 14, -2/119 HPs)
             Began as a Demonspawn Conjurer on Jan 21, 2021.
             Was an Initiate of Gozag.
             Splashed by an oklob plant's acid (12 damage)
             ... on level 5 of the Lair of Beasts.
             The game lasted 01:23:34 (29908 turns).

trm the Fighter (Demonspawn Conjurer)              Turns: 29908, Time: 01:23:35

Health: -2/119     AC: 11    Str: 12    XL:     14   Next: 66%
Magic:  0/31       EV: 38    Int: 27    God:    Gozag
Gold:   4697       SH:  5    Dex: 17    Spells: 7/39 levels left

rFire    + . .     SeeInvis .   a - +1 dagger of Annoyance {venom, rF+ rN+}
rCold    + + .     Faith    .   W - +0 buckler
rNeg     + + .     Spirit   +   J - +1 leather armour {rPois}
rPois    +         Reflect  .   R - +2 hat
rElec    .         Harm     .   A - +2 cloak of Amelioration {*Slow Str+2 Int+4 Dex+4}
rCorr    .         Rampage  .   M - +0 pair of gloves
Will     +....                  t - +2 pair of boots
Stlth    ++........             n - amulet of the acrobat
HPRegen  0.29/turn              p - +4 ring of evasion
MPRegen  0.44/turn              v - ring of positive energy

@: corroded, sanguine armour, acrobat
A: hooves 1, cold resistance 2, spiny 1, strong 1, magic shield, magic
regeneration, sanguine armour 1
a: Renounce Religion, Potion Petition, Call Merchant, Bribe Branch


You were on level 5 of the Lair of Beasts.
You worshipped Gozag.
Gozag was most pleased with you.
You visited 2 branches of the dungeon, and saw 16 of its levels.
You also visited: Gauntlet.

You collected 4812 gold pieces.
You paid 115 gold pieces to Gozag.

Inventory:

Hand Weapons
 a - the +1 dagger of Annoyance (weapon) {venom, rF+ rN+}
   (You took it off a big kobold on level 3 of the Dungeon)

   It poisons the flesh of those it strikes.
   It protects you from fire.
   It protects you from negative energy.
 x - a +0 falchion
 S - a +0 morningstar of flaming
Missiles
 m - 6 throwing nets
 F - 78 poisoned darts
Armour
 i - a +0 leather armour of fire resistance
 t - a +2 pair of boots (worn)
 u - a +0 cloak
 A - the +2 cloak of Amelioration (worn) {*Slow Str+2 Int+4 Dex+4}
   (You found it on level 4 of the Lair of Beasts)

   It affects your strength (+2).
   It affects your intelligence (+4).
   It affects your dexterity (+4).
   It may slow you when you take damage.
 J - a +1 leather armour of poison resistance (worn)
 M - a +0 pair of gloves (worn)
 R - a +2 hat (worn)
 W - a +0 buckler (worn)
Magical Staves
 e - an uncursed staff of air
Jewellery
 b - an uncursed ring of resist corrosion
 n - an amulet of the acrobat (around neck)
 p - a +4 ring of evasion (left hand)
 v - a ring of positive energy (right hand)
 w - an uncursed ring of fire
Wands
 f - a wand of paralysis (15)
 l - a wand of disintegration (27)
 o - a wand of acid (11)
 X - a wand of digging (6)
Scrolls
 c - 11 scrolls of remove curse
 g - 4 scrolls of blinking
 r - 4 scrolls of identify
 s - a scroll of magic mapping {unknown}
 C - 5 scrolls of teleportation
 K - 5 scrolls of fear
 N - a scroll of silence
 Q - 6 scrolls of fog
 T - 3 scrolls of torment
 Y - a scroll of acquirement {unknown}
 Z - a scroll of random uselessness {unknown}
Potions
 d - 6 potions of curing
 h - 2 potions of mutation
 j - 2 potions of lignification
 k - 3 potions of invisibility
 z - a potion of berserk rage
 B - 8 potions of attraction {unknown}
 D - 3 potions of heal wounds
 E - 3 potions of resistance {unknown}
 G - 4 potions of cancellation {unknown}
 H - 3 potions of flight
 I - 5 potions of might {unknown}
 L - 3 potions of magic {unknown}
 O - 4 potions of haste {unknown}
 P - a potion of brilliance {unknown}
 U - a potion of ambrosia {unknown}
 V - 2 potions of degeneration {unknown}
Miscellaneous
 q - a phial of floods
 y - a box of beasts (inert)


   Skills:
 + Level 13.8 Fighting
 - Level 10.0 Dodging
 - Level 1.7 Stealth
 - Level 4.0 Shields
 + Level 13.3 Spellcasting
 - Level 11.0 Conjurations
 - Level 1.0 Hexes
 - Level 1.0 Summonings
 - Level 6.0 Necromancy
 - Level 1.0 Translocations
 - Level 1.0 Fire Magic
 - Level 2.0 Ice Magic
 - Level 1.0 Air Magic
 - Level 1.0 Poison Magic


You had 7 spell levels left.
You knew the following spells:

 Your Spells              Type           Power        Failure   Level
a - Magic Dart            Conj           100%         1%          1
b - Searing Ray           Conj           100%         1%          2
c - Fulminant Prism       Conj/Hex       25%          3%          4
d - Iskenderun's Mystic   Conj/Tloc      50%          3%          4
e - Vampiric Draining     Necr           25%          1%          3
f - Frozen Ramparts       Ice            56%          5%          3
g - Swiftness             Air            23%          4%          2
h - Ozocubu's Armour      Ice            28%          5%          3
i - Summon Ice Beast      Ice/Summ       26%          22%         4
m - Mephitic Cloud        Conj/Pois/Air  41%          1%          3
u - Conjure Flame         Conj/Fire      50%          1%          3

Your spell library contained the following spells:

 Spells                   Type           Power        Failure   Level
 Animate Skeleton         Necr           100%         1%          1
 Freeze                   Ice            100%         1%          1
 Pain                     Necr           100%         1%          1
 Shock                    Conj/Air       100%         1%          1
 Dazzling Flash           Conj/Hex       100%         1%          3
 Static Discharge         Conj/Air       50%          1%          3
 Apportation              Tloc           46%          2%          1
 Corona                   Hex            25%          2%          1
 Summon Small Mammal      Summ           92%          2%          1
 Hailstorm                Conj/Ice       52%          2%          4
 Sting                    Tmut/Pois      80%          3%          1
 Animate Dead             Necr           25%          3%          4
 Poisonous Vapours        Pois/Air       46%          4%          2
 Confusing Touch          Hex            23%          8%          3
 Gell's Gravitas          Tloc           11%          8%          3
 Ignite Poison            Fire/Tmut/Pois 21%          9%          3
 Agony                    Necr           50%          10%         5
 Lightning Bolt           Conj/Air       25%          10%         5
 Airstrike                Air            11%          26%         4
 Olgreb's Toxic Radiance  Pois           23%          26%         4
 Petrify                  Tmut/Erth      17%          36%         4
 Metabolic Englaciation   Hex/Ice        13%          52%         5
 Yara's Violent Unravell  Hex/Tmut       10%          65%         5
 Freezing Cloud           Conj/Ice/Air   21%          65%         6


Dungeon Overview and Level Annotations

Branches:
Dungeon (11/15)            Temple (0/1) D:7            Lair (5/6) D:11
  Swamp (0/4) Lair:2        Snake (0/4) Lair:3        Slime (0/5) Lair:5
    Orc (0/2) D:10        Gauntlet (visited)

Altars:
Ashenzari
Cheibriados
Dithmenos
Elyvilon
Gozag
Kikubaaqudgha
Ru
Sif Muna
Trog
Uskayaw
Wu Jian
Yredelemnul
Beogh

Shops:
D:8 *   D:9 =

Annotations:
Lair:5 exclusion: 3 oklob plants


Innate Abilities, Weirdness & Mutations

You have large cloven feet.
You are partially covered in sharp spines.
When hurt, damage is shared between your health and your magic reserves.
You regenerate magic rapidly.
When seriously injured, your bleeding wounds create armour. (AC +6)
Your flesh is very cold resistant. (rC++)
Your muscles are strong. (Str +2)


Message History

The searing ray hits the oklob plant.
The oklob plant is heavily damaged. (Press . to maintain the ray.)
The oklob plant spits acid at you. The splash of acid hits you!
The acid corrodes you!
You are splashed with acid!
The oklob plant spits acid at you. The splash of acid hits you.
You are splashed with acid!
The searing ray hits the oklob plant.
The oklob plant is heavily damaged.
The oklob plant spits acid at you. The splash of acid hits you!
* * * LOW HITPOINT WARNING * * *
You are splashed with acid!
* * * LOW HITPOINT WARNING * * *
The oklob plant spits acid at you. The splash of acid hits you.
* * * LOW HITPOINT WARNING * * *
You are splashed with acid!
You die...
Your body crumbles into a pile of gold.

..........................#
......>.......(..........##
.........................##
..###....###.....#.#####..#
### #.#### ##.....### #..#
### ###.....####### #######
#.#.......# .#.#..##
#########.....## .......#
#..P...@.......# .......#
..>.$.#####....##
..##.#####..P....###.....#
#####......P.......#.....#
######..............## ##
###.......#.# ###########


You could see 3 oklob plants.

Vanquished Creatures
  The ghost of Beischinu the Blocker, a journeyman MiFi of Okawaru (Lair:1)
  A minotaur (Gauntlet)
  The ghost of Aviak the Fighter, a journeyman FoCj of Uskayaw (Lair:1)
  Snorg (Lair:5)
  6 hydras
  Harold (D:11)
  A boulder beetle (Lair:5)
  6 death yaks
  7 two-headed ogres
  A death scarab (Gauntlet)
  The ghost of Tungsten the Fighter, a novice NaWn of Gozag (D:8)
  A shock serpent (shapeshifter) (Gauntlet)
  The ghost of avis the Transmogrifier, a journeyman VSTm of Okawaru (Lair:1)
  The ghost of mopl the Sneak, a novice DsEn of Dithmenos (Lair:1)
  Sonja (Lair:5)
  A fire crab (Gauntlet)
  An unseen horror (D:10)
  2 bog bodies (Lair:2)
  Pikel (D:3)
  An orc knight (D:8)
  An ugly thing (D:11)
  A cyclops (D:11)
  An oklob plant (Lair:5)
  12 elephants
  A black mamba (Lair:4)
  Maurice (D:11)
  7 torpor snails
  2 rime drakes
  14 cane toads
  A kobold demonologist (D:11)
  8 komodo dragons
  A rime drake (shapeshifter) (Gauntlet)
  2 trolls
  10 blink frogs
  Grinder (D:3)
  2 polar bears
  A tyrant leech (Gauntlet)
  9 dream sheep
  A spectral black mamba (Gauntlet)
  3 wyverns
  4 basilisks
  A vampire (D:11)
  2 wraiths (D:11)
  32 yaks
  6 fire bats (Gauntlet)
  Eustachio (D:5)
  Menkaure (D:6)
  2 nagas (Lair:3)
  6 swamp worms
  16 water moccasins
  An acid dragon (D:11)
  3 hell hounds (Gauntlet)
  Duvessa (D:4)
  A floating eye (shapeshifter) (Gauntlet)
  8 orc warriors
  6 black bears
  A necrophage (D:11)
  4 phantoms
  5 ice beasts
  4 sky beasts
  10 ogres
  The ghost of p0werm0de the Skirmisher, an amateur DsFi (D:3)
  3 centaurs
  14 wolves
  3 lemures (D:4)
  Blork the orc (D:6)
  6 big kobolds
  11 bullfrogs
  3 gnoll sergeants (D:5)
  A wyvern zombie (D:9)
  Dowan (D:4)
  4 scorpions
  8 killer bees (D:11)
  11 wights
  A howler monkey (D:6)
  4 electric eels
  2 centaur zombies
  A quasit (D:6)
  15 orc wizards
  2 centaur skeletons
  10 hounds
  3 jellies
  14 orc priests
  6 bullfrog skeletons
  2 gnoll shamans (D:5)
  3 iguanas
  Natasha (thrice) (D:3)
  10 worker ants
  7 hell rats (Lair:4)
  A hound zombie (D:7)
  A hound skeleton (D:6)
  Robin (D:3)
  A howler monkey skeleton (D:7)
  7 adders
  18 gnolls
  5 shadow imps
  3 white imps
  5 ufetubi
  An ooze (D:3)
  2 worms (D:2)
  A dart slug (D:3)
  7 leopard geckos
  81 orcs
  A ball python (D:3)
  3 bat zombies (D:8)
  7 giant cockroaches
  18 goblins
  8 hobgoblins
  7 jackals
  16 kobolds
  4 quokkas
  3 bats
  6 frilled lizards
  6 rats
  A fulminant prism (Lair:5)
595 creatures vanquished.

Vanquished Creatures (collateral kills)
  A dream sheep (Lair:4)
1 creature vanquished.

Vanquished Creatures (others)
  5 fulminant prisms (Lair:5)
  55 fungi
  74 plants
  2 withered plants (Lair:1)
136 creatures vanquished.

Grand Total: 732 creatures vanquished

Notes
Turn   | Place    | Note
-------+----------+-------------------------------------------
     0 | D:1      | trm the Demonspawn Conjurer began the quest for the Orb.
     0 | D:1      | Reached XP level 1. HP: 13/13 MP: 3/3
   489 | D:1      | Gained mutation: When seriously injured, your bleeding
                  | wounds create armour. (AC +6) [demonic ancestry]
   489 | D:1      | Reached XP level 2. HP: 19/19 MP: 3/5
   492 | D:1      | Learned a level 2 spell: Searing Ray
  1248 | D:2      | Found an ornate altar of the Wu Jian Council.
  1276 | D:2      | Found a basalt altar of Yredelemnul.
  1938 | D:2      | Reached XP level 3. HP: 24/24 MP: 7/7
  1992 | D:2      | Found a shadowy altar of Dithmenos.
  2692 | D:3      | You fall into a shaft and drop 1 floor!
  2696 | D:4      | Reached skill level 1 in Fighting
  2696 | D:4      | Reached XP level 4. HP: 32/32 MP: 3/8
  2747 | D:4      | Found a transporter.
  2781 | D:4      | Noticed Duvessa
  2940 | D:4      | Reached skill level 5 in Conjurations
  2940 | D:4      | Gained mutation: When hurt, damage is shared between your
                  | health and your magic reserves. [demonic ancestry]
  2940 | D:4      | Reached XP level 5. HP: 38/38 MP: 4/10
  3019 | D:4      | Found a transporter.
  3048 | D:3      | Noticed Robin
  3048 | D:3      | Noticed Grinder
  3084 | D:3      | Found a shimmering blue altar of Sif Muna.
  3421 | D:4      | Noticed an ogre
  3432 | D:4      | Killed an ogre
  3433 | D:4      | Reached XP level 6. HP: 46/46 MP: 2/11
  3590 | D:4      | Noticed Pikel
  3878 | D:4      | Noticed Dowan
  3962 | D:3      | Killed Pikel
  3963 | D:3      | Reached skill level 5 in Spellcasting
  3963 | D:3      | Reached XP level 7. HP: 28/55 MP: 0/14
  4118 | D:4      | Killed Duvessa
  4145 | D:3      | Paralysed by Grinder for 4 turns
  4629 | D:3      | Paralysed by Grinder for 6 turns
  4638 | D:3      | Killed Grinder
  4639 | D:3      | Reached skill level 5 in Fighting
  4639 | D:3      | Gained mutation: You regenerate magic rapidly. [demonic
                  | ancestry]
  4639 | D:3      | Reached XP level 8. HP: 45/62 MP: 3/15
  4786 | D:3      | Killed Robin
  5187 | D:3      | Noticed Natasha
  5190 | D:3      | Killed Natasha
  5263 | D:3      | Noticed Natasha
  5269 | D:3      | Killed Natasha
  5323 | D:3      | Noticed Natasha
  5325 | D:3      | Killed Natasha
  5388 | D:3      | Found a runed translucent gate.
  5391 | D:3      | Found a runed translucent gate.
  5391 | D:3      | Found a runed translucent gate.
  5391 | D:3      | Noticed p0werm0de's ghost (amateur DsFi)
  5392 | D:3      | Identified the +1 dagger of Annoyance {venom, rF+ rN+}
  5477 | D:3      | Killed p0werm0de's ghost
  6048 | D:4      | Killed Dowan
  6522 | D:5      | Entered Level 5 of the Dungeon
  6798 | D:5      | Reached skill level 10 in Conjurations
  6798 | D:5      | Reached XP level 9. HP: 65/68 MP: 11/16
  6885 | D:5      | Noticed Eustachio
  6895 | D:5      | Killed Eustachio
  7646 | D:6      | Noticed a two-headed ogre
  8271 | D:6      | Killed a two-headed ogre
  8272 | D:6      | Reached XP level 10. HP: 76/77 MP: 11/19
  8389 | D:6      | Noticed Blork the orc
  8394 | D:6      | Killed Blork the orc
  8470 | D:6      | Found a hide-covered altar of Uskayaw.
  8514 | D:6      | Found an opulent altar of Gozag.
  8515 | D:6      | Noticed Menkaure
  8524 | D:6      | Killed Menkaure
  8592 | D:6      | Became a worshipper of Gozag Ym Sagoz the Greedy
  9437 | D:7      | Reached skill level 5 in Dodging
  9699 | D:7      | Found a staircase to the Ecumenical Temple.
  9727 | D:7      | Learned a level 4 spell: Fulminant Prism
  9732 | D:7      | Learned a level 4 spell: Iskenderun's Mystic Blast
  9736 | D:7      | Learned a level 3 spell: Vampiric Draining
 10065 | D:7      | Reached skill level 1 in Necromancy
 10768 | D:8      | Noticed a two-headed ogre
 10778 | D:8      | Killed a two-headed ogre
 10962 | D:8      | Found a runed translucent door.
 10962 | D:8      | Noticed Tungsten's ghost (novice NaWn)
 10962 | D:8      | Noticed an orc knight
 11206 | D:8      | Found Ochiocirgh's Elemental Accessories.
 11455 | D:8      | Found an ancient bone altar of Kikubaaqudgha.
 12009 | D:8      | Killed Tungsten's ghost
 12010 | D:8      | Gained mutation: You have large cloven feet. [demonic
                  | ancestry]
 12010 | D:8      | Reached XP level 11. HP: 18/86 MP: 0/22
 12474 | D:8      | Killed an orc knight
 13247 | D:9      | Found Ukuff's Jewellery Boutique.
 13329 | D:9      | Found a broken altar of Ashenzari.
 13451 | D:9      | Found a snail-covered altar of Cheibriados.
 13910 | D:9      | Found a sacrificial altar of Ru.
 14033 | D:9      | Noticed a two-headed ogre
 14043 | D:9      | Killed a two-headed ogre
 14421 | D:9      | Found a shimmering blue altar of Sif Muna.
 14859 | D:10     | Entered Level 10 of the Dungeon
 14859 | D:10     | Noticed a two-headed ogre
 14865 | D:10     | Killed a two-headed ogre
 14866 | D:10     | Reached skill level 5 in Necromancy
 14909 | D:10     | Found a white marble altar of Elyvilon.
 15066 | D:10     | Got a glimmering morningstar
 15071 | D:10     | Found a roughly hewn altar of Beogh.
 15071 | D:10     | Found a staircase to the Orcish Mines.
 15320 | D:10     | Noticed a two-headed ogre
 15327 | D:10     | Killed a two-headed ogre
 16163 | D:10     | Killed an unseen horror
 16548 | D:10     | Learned a level 3 spell: Frozen Ramparts
 16585 | D:11     | Noticed a two-headed ogre
 16591 | D:11     | Killed a two-headed ogre
 16592 | D:11     | Reached XP level 12. HP: 97/97 MP: 20/25
 16860 | D:11     | Noticed Maurice
 16865 | D:11     | Killed Maurice
 16866 | D:11     | Reached skill level 1 in Shields
 16866 | D:11     | Reached skill level 1 in Ice Magic
 17299 | D:11     | Found a staircase to the Lair.
 17312 | D:11     | Noticed Harold
 17321 | D:11     | Killed Harold
 17322 | D:11     | Reached skill level 10 in Fighting
 17720 | D:11     | Noticed a two-headed ogre
 17725 | D:11     | Killed a two-headed ogre
 18477 | Lair:1   | Entered Level 1 of the Lair of Beasts
 19034 | Lair:1   | Reached skill level 10 in Spellcasting
 19418 | Lair:1   | Found a runed translucent gate.
 19423 | Lair:1   | Found a runed translucent gate.
 19424 | Lair:1   | Found a runed translucent gate.
 19425 | Lair:1   | Noticed avis's ghost (journeyman VSTm)
 19425 | Lair:1   | Noticed mopl's ghost (novice DsEn)
 19425 | Lair:1   | Noticed Aviak's ghost (journeyman FoCj)
 19425 | Lair:1   | Noticed Beischinu's ghost (journeyman MiFi)
 19779 | Lair:2   | Found a gate leading to a gauntlet.
 19800 | Gauntlet | Entered a Gauntlet
 19800 | Gauntlet | Found a transporter.
 19812 | Gauntlet | Found a transporter.
 19812 | Gauntlet | Found a transporter.
 19813 | Gauntlet | Found a transporter.
 19815 | Gauntlet | Noticed a death scarab
 19821 | Gauntlet | Found a transporter.
 19824 | Gauntlet | Found a transporter.
 19825 | Gauntlet | Found a transporter.
 19836 | Gauntlet | Found a transporter.
 19837 | Gauntlet | Found a transporter.
 19841 | Gauntlet | Found a transporter.
 19843 | Gauntlet | Noticed a death yak
 19843 | Gauntlet | Noticed a death yak
 19845 | Gauntlet | Found a transporter.
 19845 | Gauntlet | Noticed a death yak
 19848 | Gauntlet | Found a transporter.
 19849 | Gauntlet | Found a transporter.
 19858 | Gauntlet | Found a transporter.
 19921 | Gauntlet | Noticed a two-headed ogre
 19926 | Gauntlet | a two-headed ogre changed into an elephant
 20107 | Gauntlet | Killed a death scarab
 20108 | Gauntlet | Reached skill level 10 in Dodging
 20203 | Gauntlet | Gained mutation: You tend to lose your temper in combat.
                  | [you]
 20218 | Gauntlet | Killed a death yak
 20219 | Gauntlet | Killed a death yak
 20220 | Gauntlet | Reached XP level 13. HP: 89/103 MP: 11/27
 20356 | Gauntlet | Got a shimmering crystal amulet
 20370 | Gauntlet | Identified the amulet of Tubasi Sabb {Faith rF+} (You found
                  | it in a Gauntlet)
 20421 | Gauntlet | Gained mutation: You do not regenerate when monsters are
                  | visible. [you]
 21143 | Gauntlet | Noticed a minotaur
 21163 | Gauntlet | Killed a minotaur
 21256 | Gauntlet | Learned a level 3 spell: Conjure Flame
 21260 | Gauntlet | Learned a level 3 spell: Mephitic Cloud
 21263 | Gauntlet | Learned a level 2 spell: Swiftness
 21267 | Gauntlet | Learned a level 3 spell: Ozocubu's Armour
 21272 | Gauntlet | Learned a level 4 spell: Summon Ice Beast
 21532 | Lair:2   | Reached skill level 1 in Hexes
 21532 | Lair:2   | Reached skill level 1 in Summonings
 21532 | Lair:2   | Reached skill level 1 in Translocations
 21532 | Lair:2   | Reached skill level 1 in Fire Magic
 21532 | Lair:2   | Reached skill level 1 in Air Magic
 21532 | Lair:2   | Reached skill level 1 in Poison Magic
 21544 | Lair:2   | Found a staircase to the Swamp.
 23362 | Lair:1   | Killed Aviak's ghost
 23771 | Lair:1   | Killed mopl's ghost
 23812 | Lair:1   | Killed Beischinu's ghost
 23957 | Lair:1   | Killed avis's ghost
 24271 | Lair:1   | Lost mutation: You tend to lose your temper in combat.
                  | [potion of mutation]
 24271 | Lair:1   | Lost mutation: You do not regenerate when monsters are
                  | visible. [potion of mutation]
 24271 | Lair:1   | Gained mutation: Your flesh is cold resistant. (rC+)
                  | [potion of mutation]
 24271 | Lair:1   | Gained mutation: Your muscles are strong. (Str +2) [potion
                  | of mutation]
 24271 | Lair:1   | Gained mutation: Your flesh is very cold resistant. (rC++)
                  | [potion of mutation]
 24649 | Lair:3   | Found a staircase to the Snake Pit.
 26430 | Lair:4   | Gained mutation: You are partially covered in sharp spines.
                  | [demonic ancestry]
 26430 | Lair:4   | Reached XP level 14. HP: 116/116 MP: 26/30
 27432 | Lair:4   | Found a snail-covered altar of Cheibriados.
 27869 | Lair:4   | Got a brightly glowing cloak
 27880 | Lair:4   | Identified the +2 cloak of Amelioration {*Slow Str+2 Int+4
                  | Dex+4} (You found it on level 4 of the Lair of Beasts)
 28593 | Lair:5   | Noticed Snorg
 28638 | Lair:5   | Killed Snorg
 28678 | Lair:5   | Noticed Sonja
 29050 | Lair:5   | Killed Sonja
 29427 | Lair:5   | Found a bloodstained altar of Trog.
 29901 | Lair:5   | Found a staircase to the Slime Pits.
 29908 | Lair:5   | Splashed by an oklob plant's acid

Illustrated notes

Levels and vault maps discovered:
D:1:      dpeg_arrival_three_smaller_balls, layout_basic
D:2:      layout_basic, lemuel_doored_altar, nicolae_overflow_crystal_walls,
          grunt_dithmenos_smoke_and_mirrors
D:3:      cheibrodos_pilgrimage, layout_rooms, nicolae_overflow_hidden_temple,
          gammafunk_ghost_nasty_kobolds, uniq_robin, uniq_natasha, uniq_grinder
D:4:      gammafunk_wand_slinger, layout_gridville, uniq_duvessa, uniq_pikel
D:5:      layout_cave_pools, serial_gnoll_camp, gnoll_camp_mini_house,
          gnoll_camp_mini_house, gnoll_camp_mini_house, gnoll_camp_medium_02,
          hangedman_abyss_or_decor_lesser_grid, uniq_eustachio
D:6:      layout_basic, overflow_temple_1_default, old_standard_altar,
          st_stairs_13, uniq_blork_the_orc, uniq_menkaure
D:7:      layout_basic, minmay_temple_entry_offerings
D:8:      layout_cave_pools, lemuel_zombie_altar_kikubaaqudgha,
          ebering_ghost_inner_flame, nicolae_elemental_shop
D:9:      cheibrodos_helix_gallery, layout_stronghold, general_overflow_altar,
          old_standard_altar, kennysheep_little_box, serial_shops,
          kennysheep_mini_moat, lemuel_blue_sif_altar
D:10:     layout_basic, david_orc_5, basic_altar, minmay_lizard_king
D:11:     layout_stronghold, due_lair_maze_entry_diamond, uniq_harold,
          uniq_maurice
Lair:1:   layout_concentric_octagons, gammafunk_ghost_cemetery
Lair:2:   beast_lair_carwin_large_2, layout_small_grid,
          nicolae_swamp_entry_splash_gauntlet, gauntlet_entry_generic
Lair:3:   layout_roguey, guppyfry_snake_entry_island
Lair:4:   layout_gridlike, kennysheep_snail_temple
Lair:5:   layout_long_grid, minmay_slime_entry_oklob_enclosed, basic_altar,
          beast_lair_carwin_4, uniq_snorg, uniq_sonja

Skill      XL: |  1  2  3  4  5  6  7  8  9 10 11 12 13 14 |
---------------+-------------------------------------------+-----
Fighting       | 1 2 4 5 6 8 9 10 12 13 | 13.8
Spellcasting   | 3 5 6 7 9 10 12 13 | 13.3
Conjurations   | 5 6 7 10 11 | 11.0
Dodging        | 4 6 7 10 | 10.0
Necromancy     | 3 5 6 |  6.0
Shields        | 4 |  4.0
Ice Magic      | 2 |  2.0
Hexes          | 1 |  1.0
Summonings     | 1 |  1.0
Translocations | 1 |  1.0
Fire Magic     | 1 |  1.0
Air Magic      | 1 |  1.0
Poison Magic   | 1 |  1.0
Stealth        | |  1.7

Action                   |  1- 3 |  4- 6 |  7- 9 | 10-12 | 13-15 || total
-------------------------+-------+-------+-------+-------+-------++-------
Melee: Club              |     7 |       |       |       |       ||     7
       Dagger            |    18 |       |    11 |    12 |    40 ||    81
       Falchion          |       |       |    12 |    14 |     7 ||    33
       Battleaxe         |       |       |       |     7 |       ||     7
       Kick              |       |       |       |     8 |       ||     8
       Morningstar       |       |       |       |       |     9 ||     9
Throw: Dart              |       |       |       |    18 |    17 ||    35
       Throwing net      |       |       |       |       |     1 ||     1
 Cast: Magic Dart        |    28 |       |     1 |     7 |       ||    36
       Searing Ray       |    11 |    27 |    89 |   239 |   184 ||   550
       Iskenderun's Myst |       |       |       |     1 |     4 ||     5
       Frozen Ramparts   |       |       |       |     1 |    12 ||    13
       Ozocubu's Armour  |       |       |       |       |    11 ||    11
       Summon Ice Beast  |       |       |       |       |     6 ||     6
       Mephitic Cloud    |       |       |       |       |     3 ||     3
       Conjure Flame     |       |       |       |       |     3 ||     3
       Fulminant Prism   |       |       |       |       |     6 ||     6
       Vampiric Draining |       |       |       |       |     1 ||     1
Evoke: Wand              |       |       |     1 |     9 |    25 ||    35
       Phial of floods   |       |       |       |       |     1 ||     1
       Box of beasts     |       |       |       |       |     1 ||     1
  Use: Potion            |     2 |       |       |       |     4 ||     6
       Scroll            |       |       |       |    17 |     3 ||    20
 Stab: Sleeping          |     1 |       |       |       |       ||     1
Armor: Robe              |    12 |     1 |     8 |       |       ||    21
       Leather armour    |       |       |     8 |    60 |    97 ||   165
Dodge: Dodged            |    19 |    25 |    60 |   376 |   567 ||  1047
Block: Buckler           |       |       |       |    30 |   122 ||   152
       Rpst.: Falchion   |       |       |     9 |    35 |    33 ||    77
